 Dungeon Crawl Stone Soup version 0.24.0-13-gcf9b319 (webtiles) character file.

Game seed: 12093595356276346876, levelgen mode: deterministic

165 Fang the Skirmisher (level 5, -4/51 HPs)
             Began as a Gargoyle Berserker on Dec 12, 2019.
             Was a Believer of Trog.
             Slain by a worm (10 damage)
             ... on level 2 of the Dungeon.
             The game lasted 00:03:28 (2552 turns).

Fang the Skirmisher (Gargoyle Berserker)            Turns: 2552, Time: 00:03:29

Health: -4/51      AC:  6    Str: 27    XL:     5   Next: 46%
Magic:  5/5        EV: 12    Int:  7    God:    Trog [**....]
Gold:   97         SH:  0    Dex:  9    Spells: 4/4 levels left

rFire    . . .     SeeInvis .   a - +0 hand axe
rCold    . . .     Gourm    .   (no shield)
rNeg     + . .     Faith    .   b - +0 animal skin
rPois    ∞         Spirit   .   (no helmet)
rElec    +         Reflect  .   (no cloak)
rCorr    .         Harm     .   (no gloves)
MR       .....                  (no boots)
Stlth    ..........             (no amulet)
HPRegen  0.17/turn              (no ring)
MPRegen  0.09/turn              (no ring)

@: berserking, very quick
A: negative energy resistance 1, electricity resistance, unbreathing,
petrification resistance, rot immunity, AC +4
a: Berserk, Trog's Hand, Renounce Religion


You were on level 2 of the Dungeon.
You worshipped Trog.
Trog was pleased with you.
You were hungry.

You visited 1 branch of the dungeon, and saw 3 of its levels.

You collected 97 gold pieces.

Inventory:

Hand Weapons
 a - a +0 hand axe (weapon)
Armour
 b - a +0 animal skin (worn)
Scrolls
 d - a scroll of fear {unknown}
 e - a scroll of teleportation {unknown}
 g - 3 scrolls of identify {unknown}
 j - a scroll of amnesia {unknown}
 k - 3 scrolls of remove curse {unknown}
 o - 3 scrolls of magic mapping {unknown}
 p - 2 scrolls of immolation {unknown}
 q - 2 scrolls of enchant armour {unknown}
 r - a scroll of enchant weapon {unknown}
Potions
 h - a potion of cancellation {unknown}
 i - a potion of curing {unknown}
 l - a potion of brilliance {unknown}
 m - a potion of agility {unknown}
 n - a potion of haste {unknown}
Comestibles
 c - 9 rations
 f - 3 chunks of flesh


   Skills:
 + Level 4.3 Fighting
 + Level 3.5 Axes
 + Level 3.5 Armour
 + Level 2.5 Dodging


You had 4 spell levels left.
You didn't know any spells.
Your spell library was empty.

Dungeon Overview and Level Annotations

Branches:
Dungeon (3/15)

Altars:
Elyvilon
Fedhas
Qazlal
Trog


Innate Abilities, Weirdness & Mutations

You are resistant to torment.
Your stone body is resilient. (AC +4)
You are immune to poison.
You resist negative energy. (rN+)
You are resistant to electric shocks. (rElec)
You can survive without breathing.
You are immune to petrification.
You are immune to rotting.


Message History

The worm is severely wounded.
You slash the rat!
You kill the rat!
Trog accepts your kill.
You slash the worm!
The worm is almost dead.
The worm bites you!
* * * LOW HITPOINT WARNING * * *
You barely miss the worm.
The worm is almost dead.
The moth of wrath goads the worm on!
The worm goes berserk!
The moth of wrath goads the worm on!
The worm goes berserk!
The worm bites you!
* * * LOW HITPOINT WARNING * * *
You slash the worm!
You kill the worm!
Trog accepts your kill.
You slash the worm!
The worm is severely wounded.
You slash the worm! The worm completely misses you. The worm bites you!
You die...

#..........#
#..........#
###.##.....#
####.####...#
##.......##..#
##.........##.#
#...........#.#
#....###....###
#..@##y##...#
#..ww###....#
##.........##
#...._..).#
##)...)..##
###)..### ####


You could see a moth of wrath and 2 worms.

Vanquished Creatures
  A crimson imp (D:3)
  3 adders
  An ooze (D:2)
  4 worms
  A dart slug (D:1)
  2 leopard geckos
  4 orcs (D:3)
  8 giant cockroaches
  8 goblins
  3 hobgoblins
  6 jackals (D:1)
  2 quokkas (D:2)
  A ball python (D:2)
  8 bats
  8 frilled lizards
  12 kobolds
  6 rats
78 creatures vanquished.

Vanquished Creatures (others)
  3 fungi (D:3)
  4 toadstools (D:1)
7 creatures vanquished.

Grand Total: 85 creatures vanquished

Notes
Turn   | Place    | Note
-------+----------+-------------------------------------------
     0 | D:1      | Fang the Gargoyle Berserker began the quest for the Orb.
     0 | D:1      | Reached XP level 1. HP: 14/14 MP: 1/1
    75 | D:1      | Reached XP level 2. HP: 16/19 MP: 2/2
   549 | D:1      | Reached ** piety under Trog
   549 | D:1      | Reached XP level 3. HP: 18/23 MP: 3/3
  1242 | D:2      | Reached XP level 4. HP: 29/29 MP: 4/4
  1323 | D:2      | Found a white marble altar of Elyvilon.
  1425 | D:2      | You fall into a shaft and drop 1 floor!
  1488 | D:3      | Found a blossoming altar of Fedhas.
  1795 | D:3      | Reached skill level 4 in Fighting
  1911 | D:3      | Reached XP level 5. HP: 20/33 MP: 5/5
  2338 | D:3      | Found a stormy altar of Qazlal.
  2537 | D:2      | Noticed a moth of wrath
  2540 | D:2      | Found a bloodstained altar of Trog.
  2552 | D:2      | Slain by a worm

Levels and vault maps discovered:
D:1:      ldierk_walled_garden_2, layout_rooms, minmay_misc_feat_nine_boxes
D:2:      minmay_alternating_diamond, layout_basic, tgw_trog,
          lemuel_coloured_pillars_altar
D:3:      minmay_wonky_spiral, layout_basic, overflow_temple_1_default,
          chequers_serial_rivers_room_b, solitary_fountain, fedhas_altar_3

Skill      XL: |  1  2  3  4 |
---------------+-------------+-----
Axes           | 3 |  3.5
Dodging        | 2 |  2.5
Armour         | 3 |  3.5
Fighting       | 4 |  4.3

Action                   |  1- 3 |  4- 6 || total
-------------------------+-------+-------++-------
Melee: Hand axe          |   130 |   169 ||   299
Invok: Berserk           |     2 |     1 ||     3
       Trog's Hand       |       |     1 ||     1
 Stab: Sleeping          |       |     3 ||     3
  Eat: Chunk             |     3 |     5 ||     8
Armor: Animal skin       |    48 |    62 ||   110
Dodge: Dodged            |    85 |   124 ||   209
